 Dungeon Crawl Stone Soup version 0.31.0-11-ge490571c62 (webtiles) character file.

Game seed: 692727316224253196

2805 EsVagy the Prestidigitator (level 9, 0/74 HPs)
             Began as a Gnoll Wanderer on Jan 25, 2024.
             Was a Follower of Nemelex Xobeh.
             Killed from afar by a steam dragon (17 damage)
             ... with a ball of steam
             ... on level 6 of the Dungeon on Jan 27, 2024.
             The game lasted 01:11:14 (7387 turns).

EsVagy the Prestidigitator (Gnoll Wanderer)         Turns: 7387, Time: 01:11:15

Health: 0/74       AC:  9    Str: 13    XL:     9   Next: 72%
Magic:  17/17      EV: 14    Int: 14    God:    Nemelex Xobeh [*.....]
Gold:   1106       SH:  0    Dex: 18    Spells: 12/19 levels left

rFire   . . .        a - +0 great sword (vamp)
rCold   . . .        (shield currently unavailable)
rNeg    . . .        C - +1 robe
rPois   .            f - +0 helmet
rElec   .            A - +1 cloak
rCorr   .            h - +0 pair of gloves
SInv    .            x - +0 pair of boots
Will    .....        (no amulet)
Stlth   +++          m - +6 ring of dexterity
HPRegen 0.32/turn    (no ring)
MPRegen 0.15/turn

%: no passive effects
@: no status effects
A: fangs 1, strong nose, distributed training
a: Renounce Religion, Draw Escape, Draw Destruction, Draw Summoning


You were on level 6 of the Dungeon.
You worshipped Nemelex Xobeh.
Nemelex Xobeh was aware of your devotion.
You visited 2 branches of the dungeon, and saw 7 of its levels.
You also visited: Ossuary.

You collected 1106 gold pieces.

Inventory:

Hand Weapons
 a - a +0 vampiric great sword (weapon)
Missiles
 l - 9 boomerangs (quivered)
 r - 17 poisoned darts
 E - a throwing net
Armour
 f - a +0 helmet (worn)
 h - a +0 pair of gloves (worn)
 x - a +0 pair of boots (worn)
 A - a +1 cloak (worn)
 C - a +1 robe (worn)
Magical Staves
 i - a staff of alchemy
Jewellery
 m - a +6 ring of dexterity (left hand)
Wands
 k - a wand of paralysis (5)
 t - a wand of polymorph (10)
Scrolls
 b - 2 scrolls of teleportation
 d - a scroll of immolation
 g - 2 scrolls of revelation
 j - a scroll of noise
 n - a scroll of poison
 s - a scroll of fear
 u - 2 scrolls of silence
 y - a scroll of blinking {unknown}
 z - a scroll of torment
 G - 3 scrolls of vulnerability {unknown}
Potions
 c - 2 potions of lignification
 o - 3 potions of attraction
 p - 2 potions of ambrosia
 q - 2 potions of brilliance
 v - a potion of haste
 w - 2 potions of curing
 B - a potion of invisibility {unknown}
 D - a potion of berserk rage
 F - 2 potions of might {unknown}
 H - a potion of resistance {unknown}
Miscellaneous
 e - a box of beasts


   Skills:
 + Level 8.1 Fighting
 + Level 4.7 Short Blades
 + Level 4.7 Long Blades
 + Level 4.7 Axes
 + Level 4.7 Maces & Flails
 + Level 4.7 Polearms
 + Level 4.7 Staves
 + Level 4.7 Ranged Weapons
 + Level 4.7 Throwing
 + Level 4.7 Armour
 + Level 4.7 Dodging
 + Level 4.7 Stealth
 + Level 4.7 Shields
 + Level 4.7 Unarmed Combat
 + Level 5.5 Spellcasting
 + Level 3.9 Conjurations
 + Level 3.9 Hexes
 + Level 3.9 Summonings
 + Level 3.9 Necromancy
 + Level 5.5 Translocations
 + Level 3.9 Fire Magic
 + Level 3.9 Ice Magic
 + Level 3.9 Air Magic
 + Level 3.9 Earth Magic
 + Level 3.9 Alchemy
 + Level 5.1 Invocations
 + Level 9.8 Evocations
 + Level 4.2 Shapeshifting


You had 12 spell levels left.
You knew the following spells:

 Your Spells              Type           Power      Damage    Failure   Level
a - Apportation           Tloc           38%        N/A       1%          1
b - Volatile Blastmotes   Fire/Tloc      34%        2d12      7%          3
c - Passwall              Erth           14%        N/A       10%         3

Your spell library contained the following spells:

 Spells                   Type           Power      Damage    Failure   Level
 Call Imp                 Summ           28%        N/A       4%          2
 Ensorcelled Hibernation  Hex/Ice        28%        N/A       4%          2
 Sublimation of Blood     Necr           14%        N/A       4%          2
 Swiftness                Air            14%        N/A       10%         3
 Summon Hydra             Summ           7%         N/A       100%        7


Dungeon Overview and Level Annotations

Branches:
Dungeon (6/15)             Temple (1/1) D:4         Ossuary (visited)

Altars:
Dithmenos
Elyvilon
Fedhas
Gozag
Hepliaklqana
Kikubaaqudgha
Nemelex Xobeh
Okawaru
Qazlal
Sif Muna
Trog
Uskayaw
Vehumet
Xom
Yredelemnul
The Shining One

Shops:
D:1 [


Innate Abilities, Weirdness & Mutations

You have very sharp teeth.
Your uncanny sense of smell can sniff out nearby items.
Your experience applies equally to all skills.


Message History

The javelin closely misses the steam dragon.
You throw a javelin.
The javelin pierces through the steam dragon but does no damage.
The steam dragon is moderately wounded.
The steam dragon breathes steam at you. The ball of steam hits you!
You hear a shout!
Nothing quivered!
No target in view!
You are engulfed in a cloud of scalding steam.
The steam dragon bites you! The steam dragon closely misses you.
An ogre comes into view. It is wielding a +0 giant club.
You slash the steam dragon!
You feel better.
The steam dragon is severely wounded.
You are engulfed in a cloud of scalding steam.
The steam dragon bites you but does no damage.
The steam dragon claws you but does no damage.
You closely miss the steam dragon.
The steam dragon is severely wounded.
The steam dragon misses you.
The steam dragon claws you but does no damage.
You hit the steam dragon.
You feel better.
The steam dragon is severely wounded.
The steam dragon bites you but does no damage.
The steam dragon claws you.
The ogre hits you with a +0 giant club!!
* * * LOW HITPOINT WARNING * * *
The steam dragon breathes steam at you. The ball of steam misses you.
The steam dragon attacks as it pursues you!
The steam dragon barely misses you. The steam dragon closely misses you.
The steam dragon breathes steam at you. The ball of steam misses you.
You are engulfed in a cloud of scalding steam.
* * * LOW HITPOINT WARNING * * *
Okay, then.
The steam dragon breathes steam at you. The ball of steam hits you!
You die...
Your body disappears without a glow.

# #.# #........# # #g#
#.######.####### #
#.###.#(............
#........).#.#######
#######..###.......#
†............#.###.######## #
####..##..##.#.###.#..)...#.#
####.........#.....#.####.#.#
..#.............@§§DO......>#
.†##...#..#...<...##.####.###
..##...#..#.#....................
.......#..#...######..###.######.
†.##.#.# #... ....# ... .†# .
#.## ##.# (.. †.# ... .#.#(#. ###
## .#..... #.#.#.#


There were no monsters in sight!

Vanquished Creatures
  A wyvern (D:6)
  Duvessa (D:4)
  An ice beast (D:6)
  A sky beast (D:6)
  4 ogres
  A phantom (D:4)
  2 centaurs
  A weeping skull (Ossuary)
  A gnoll sergeant (D:6)
  6 scorpions
  2 water moccasin zombies (Ossuary)
  Dowan (D:4)
  2 hounds
  2 orc priests
  Crazy Yiuf (D:4)
  2 bombardier beetles
  A sleepcap (D:4)
  5 iguanas
  A scorpion zombie (D:3)
  Ijyb (D:5)
  Terence (D:2)
  An orc wizard (D:5)
  Natasha (thrice) (D:4)
  2 crocodile zombies (Ossuary)
  A hound zombie (D:4)
  2 hound skeletons (D:4)
  2 mummies (Ossuary)
  Robin (D:3)
  7 gnolls
  6 adders
  A shadow imp (D:5)
  2 white imps (D:5)
  7 adder zombies
  2 adder skeletons (D:4)
  3 ribbon worms
  4 dart slugs
  14 orcs
  14 endoplasms
  6 giant cockroaches
  8 gnoll zombies (Ossuary)
  12 hobgoblins
  4 jackals
  5 quokkas
  7 ball pythons
  2 ball python zombies (D:3)
  3 frilled lizards
  A giant cockroach zombie (D:3)
  13 goblins
  3 jackal zombies (Ossuary)
  9 kobolds
  5 orc zombies (Ossuary)
  7 rats
195 creatures vanquished.

Vanquished Creatures (collateral kills)
  A gnoll sergeant (D:5)
  An orc priest (D:3)
  5 gnolls (D:5)
  An orc (D:3)
  A ball python (D:3)
9 creatures vanquished.

Grand Total: 204 creatures vanquished

Notes
Turn   | Place    | Note
-------+----------+-------------------------------------------
     0 | D:1      | EsVagy the Gnoll Wanderer began the quest for the Orb.
     0 | D:1      | EsVagy set off with the following items: a +0 club, a
                  | scroll of teleportation, a potion of lignification, a +0
                  | robe, a box of beasts; and the following spell memorised:
                  | Apportation; and the following spells available to
                  | memorise: Volatile Blastmotes.
     0 | D:1      | Reached XP level 1. HP: 23/23 MP: 4/4
   170 | D:1      | Reached XP level 2. HP: 26/29 MP: 5/5
   664 | D:1      | Reached XP level 3. HP: 35/35 MP: 7/7
   774 | D:1      | Found Tejea's Armour Boutique.
   794 | D:1      | Reached skill level 1 in Invocations
  1329 | D:2      | Reached skill level 1 in Short Blades
  1329 | D:2      | Reached skill level 1 in Long Blades
  1329 | D:2      | Reached skill level 1 in Axes
  1329 | D:2      | Reached skill level 1 in Maces & Flails
  1329 | D:2      | Reached skill level 1 in Polearms
  1329 | D:2      | Reached skill level 1 in Staves
  1329 | D:2      | Reached skill level 1 in Ranged Weapons
  1329 | D:2      | Reached skill level 1 in Throwing
  1329 | D:2      | Reached skill level 1 in Armour
  1329 | D:2      | Reached skill level 1 in Dodging
  1329 | D:2      | Reached skill level 1 in Stealth
  1329 | D:2      | Reached skill level 1 in Shields
  1329 | D:2      | Reached skill level 1 in Unarmed Combat
  1363 | D:2      | Noticed Terence
  1373 | D:2      | Killed Terence
  1374 | D:2      | Reached skill level 1 in Shapeshifting
  1374 | D:2      | Reached XP level 4. HP: 27/41 MP: 8/8
  1556 | D:2      | Reached skill level 1 in Conjurations
  1556 | D:2      | Reached skill level 1 in Hexes
  1556 | D:2      | Reached skill level 1 in Summonings
  1556 | D:2      | Reached skill level 1 in Necromancy
  1556 | D:2      | Reached skill level 1 in Fire Magic
  1556 | D:2      | Reached skill level 1 in Ice Magic
  1556 | D:2      | Reached skill level 1 in Air Magic
  1556 | D:2      | Reached skill level 1 in Earth Magic
  1556 | D:2      | Reached skill level 1 in Alchemy
  1562 | D:2      | Learned a level 3 spell: Volatile Blastmotes
  2102 | D:3      | Noticed Robin
  2383 | D:3      | Killed Robin
  2384 | D:3      | Reached XP level 5. HP: 24/47 MP: 9/9
  2551 | D:3      | Found a basalt altar of Yredelemnul.
  2571 | D:3      | Noticed a centaur
  2807 | D:3      | Killed a centaur
  2808 | D:3      | Reached XP level 6. HP: 49/53 MP: 9/11
  3535 | D:4      | Found a staircase to the Ecumenical Temple.
  3563 | Temple   | Entered the Ecumenical Temple
  3593 | Temple   | Became a worshipper of Nemelex Xobeh the Trickster
  3641 | D:4      | Found a runed translucent door.
  3642 | D:4      | Noticed Crazy Yiuf
  3695 | D:4      | Reached XP level 7. HP: 51/60 MP: 12/12
  3783 | D:4      | Noticed Natasha
  3786 | D:4      | Killed Natasha
  3799 | D:4      | Reached skill level 9 in Evocations
  3817 | D:4      | Identified a scroll of acquirement
  3879 | D:4      | Found a sand-covered staircase.
  3891 | Ossuary  | Entered an ossuary
  4093 | Ossuary  | Upgraded the game from 0.31.0-10-gcf4a605ca0 to
                  | 0.31.0-11-ge490571c62
  4097 | Ossuary  | Acquired 859 gold pieces
  4168 | Ossuary  | Reached XP level 8. HP: 65/67 MP: 14/14
  4387 | D:4      | Noticed Dowan
  4406 | D:4      | Killed Dowan
  4422 | D:4      | Noticed Duvessa
  4436 | D:4      | Killed Duvessa
  4601 | D:4      | Noticed Natasha
  4611 | D:4      | Killed Natasha
  4777 | D:4      | Noticed Natasha
  4786 | D:4      | Killed Natasha
  4941 | D:4      | Killed Crazy Yiuf
  4989 | D:5      | Entered Level 5 of the Dungeon
  5541 | D:5      | Reached skill level 5 in Translocations
  5722 | D:5      | Reached XP level 9. HP: 71/73 MP: 16/16
  5941 | D:4      | Learned a level 3 spell: Passwall
  6008 | D:5      | Noticed Ijyb
  6020 | D:5      | Paralysed by Ijyb for 2 turns
  6026 | D:5      | Killed Ijyb
  6033 | D:5      | Reached skill level 5 in Spellcasting
  6139 | D:5      | Reached * piety under Nemelex Xobeh
  6600 | D:6      | Found a radiant altar of Vehumet.
  7199 | D:6      | Reached skill level 5 in Invocations
  7199 | D:6      | Found a hide-covered altar of Uskayaw.
  7387 | D:6      | Killed from afar by a steam dragon

Illustrated notes

Levels and vault maps discovered:
D:1:      dpeg_arrival_arbitrary_b, layout_basic, serial_shops,
          nicolae_shop_window_shopping, minmay_three_crescents
D:2:      layout_loops_ring, uniq_terence
D:3:      layout_basic, nicolae_yredelemnul_corpse_copse, serial_corexii_hall,
          chequers_hall_statues_corner_a, corexii_hall_statues_u, uniq_robin
D:4:      layout_basic, minmay_temple_entry_trees,
          mainiacjoe_ossuary_entry_find_the_door, uniq_duvessa,
          uniq_crazy_yiuf_cottage, uniq_natasha
D:5:      layout_basic, nrook_campfire, st_stairs_7,
          minmay_misc_feat_four_crosses, nicolae_goblin_pals
D:6:      layout_basic, nicolae_uskayaw_murder_on_the_dancefloor,
          mainiacjoe_overflow_catwalk, st_stairs_2
Temple:   oiseaux_autumnal_temple

Skill      XL: |  1  2  3  4  5  6  7  8  9 |
---------------+----------------------------+-----
Invocations    | 1 2 3 4 5 |  5.1
Short Blades   | 1 2 3 4 |  4.7
Long Blades    | 1 2 3 4 |  4.7
Axes           | 1 2 3 4 |  4.7
Maces & Flails | 1 2 3 4 |  4.7
Polearms       | 1 2 3 4 |  4.7
Staves         | 1 2 3 4 |  4.7
Ranged Weapons | 1 2 3 4 |  4.7
Throwing       | 1 2 3 4 |  4.7
Armour         | 1 2 3 4 |  4.7
Dodging        | 1 2 3 4 |  4.7
Stealth        | 1 2 3 4 |  4.7
Shields        | 1 2 3 4 |  4.7
Unarmed Combat | 1 2 3 4 |  4.7
Spellcasting   | 3 4 5 |  5.5
Shapeshifting  | 1 2 3 4 |  4.2
Conjurations   | 1 2 3 |  3.9
Hexes          | 1 2 3 |  3.9
Summonings     | 1 2 3 |  3.9
Necromancy     | 1 2 3 |  3.9
Fire Magic     | 1 2 3 |  3.9
Ice Magic      | 1 2 3 |  3.9
Air Magic      | 1 2 3 |  3.9
Earth Magic    | 1 2 3 |  3.9
Alchemy        | 1 2 3 |  3.9
Translocations | 4 5 |  5.5
Fighting       | 7 8 |  8.1
Evocations     | 9 |  9.8

Action                     |  1- 3 |  4- 6 |  7- 9 || total
---------------------------+-------+-------+-------++-------
  Melee: Club              |   131 |       |       ||   131
         Bite              |    13 |    12 |    49 ||    74
         Punch             |     2 |       |       ||     2
         Mace              |    40 |     2 |       ||    42
         Great sword       |       |   147 |   340 ||   487
         Flail             |       |     4 |       ||     4
  Throw: Boomerang         |       |    19 |    50 ||    69
         Javelin           |       |       |     7 ||     7
   Cast: Volatile Blastmot |       |       |     4 ||     4
  Evoke: Box of beasts     |       |     1 |     2 ||     3
    Use: Scroll            |     2 |     4 |     9 ||    15
         Potion            |       |     1 |     3 ||     4
   Stab: Sleeping          |     2 |     5 |     8 ||    15
         Distracted        |       |     1 |       ||     1
 Armour: Robe              |    99 |   139 |   304 ||   542
         Skin              |       |    30 |       ||    30
  Dodge: Dodged            |   119 |   140 |   340 ||   599
